 Dungeon Crawl Stone Soup version 0.15-a0-1485-g692b94f (webtiles) character file.

65 Quh the Ruffian (level 4, -1/35 (40) HPs)
             Began as a Ghoul Monk on June 14, 2014.
             Slain by Jaguar's ghost (8 damage)
             ... on Level 3 of the Dungeon.
             The game lasted 00:09:30 (1803 turns).

Quh the Ruffian (Ghoul Monk)                        Turns: 1803, Time: 00:09:30

HP  -1/35 (40)   AC  2     Str 15      XL: 4   Next: 13%
MP   3/3         EV 12     Int  5      God:
Gold 65          SH  0     Dex 11      Spells:  0 memorised,  3 levels left

rFire  . . .     SeeInvis .       - Unarmed
rCold  + . .     Clarity  .     p - +0 robe
rNeg   + + +     rCorr    .     (no shield)
rPois  +         rRot     +     (no helmet)
rElec  .         Spirit   .     (no cloak)
SustAb .         Warding  .     (no gloves)
rMut   .         Stasis   .     (no boots)
Saprov + + +                    (no amulet)
MR     .....                    (no ring)
                                (no ring)

@: rotting, not resistant to hostile enchantments, unstealthy
A: rotting body, claws 1, carnivore 3, cold resistance 1, life protection 3,
poison resistance, saprovore 3, slow healing 1, torment resistance, unbreathing
a: no special abilities


You were on level 3 of the Dungeon.
You were not hungry.

You visited 1 branch of the dungeon, and saw 3 of its levels.

You collected 65 gold pieces.

Inventory:

Missiles
 h - 26 stones (quivered)
 n - 13 poisoned bolts
Armour
 a - a +0 robe
 p - a +0 robe (worn)
Comestibles
 g - a royal jelly
Scrolls
 b - 2 scrolls of identify {unknown}
 e - 2 scrolls of remove curse {unknown}
 i - a scroll of noise {unknown}
 k - a scroll of blinking {unknown}
 l - a scroll of random uselessness {unknown}
 o - a scroll of immolation {unknown}
Potions
 c - a potion of magic {unknown}
 d - a potion of restore abilities {unknown}
 f - a potion of brilliance {unknown}
 j - a potion of heal wounds {Healing, unknown}
 m - a potion of might {unknown}


   Skills:
 + Level 3.7 Fighting
 - Level 2.6 Dodging
 + Level 2.6 Stealth
 * Level 5.6 Unarmed Combat


You had 3 spell levels left.
You didn't know any spells.

Dungeon Overview and Level Annotations

Branches:
Dungeon (3/15)

Altars:
Ashenzari
Zin

Annotations:
D:3 Jaguar's ghost, weakling FeFi


Innate Abilities, Weirdness & Mutations

Your body is rotting away.
You have sharp fingernails.
You are carnivorous and can eat meat at any time.
Your flesh is cold resistant.
You are immune to negative energy.
Your system is resistant to poisons.
You thrive on rotten meat.
You heal slowly when monsters are visible.
You are immune to unholy pain and torment.
You can survive without breathing.


Message History

Jaguar's ghost misses you.
You barely miss Jaguar's ghost.
Jaguar's ghost is moderately damaged.
Jaguar's ghost hits you. Jaguar's ghost hits you!
You closely miss Jaguar's ghost.
Jaguar's ghost is moderately damaged.
Jaguar's ghost hits you.
You closely miss Jaguar's ghost.
Jaguar's ghost is moderately damaged.
Jaguar's ghost hits you.
You scratch Jaguar's ghost.
Jaguar's ghost is heavily damaged.
Jaguar's ghost hits you.
* * * LOW HITPOINT WARNING * * *
You see here a giant newt corpse.
Jaguar's ghost closely misses you.
There is a stone staircase leading up here.
You can't go down here!
Jaguar's ghost hits you!
You die...

#.........#
...####.%..#
#(...#.#
#......#
#....#.#
##....##
#.#..##
#.###W## ..#
##@# ## #.##
#.# #.# #. #


You could see Jaguar's ghost.

Vanquished Creatures
  3 adders (D:2)
  A worm (D:2)
  3 bats
  3 giant cockroaches (D:1)
  7 hobgoblins
  3 jackals (D:1)
  5 kobolds (D:1)
  A giant gecko (D:1)
  3 giant newts
  3 goblins (D:1)
  A rat (D:1)
33 creatures vanquished.

Notes
Turn   | Place    | Note
--------------------------------------------------------------
     0 | D:1      | Quh, the Ghoul Monk, began the quest for the Orb.
     0 | D:1      | Reached XP level 1. HP: 19/19 MP: 1/1
   175 | D:1      | Reached XP level 2. HP: 26/26 MP: 2/2
   436 | D:1      | Reached skill level 5 in Unarmed Combat
   915 | D:1      | Reached XP level 3. HP: 30/30 MP: 3/3
  1055 | D:2      | Found a glowing silver altar of Zin.
  1091 | D:2      | Found a shattered altar of Ashenzari.
  1336 | D:2      | Reached XP level 4. HP: 28/36 MP: 3/3
  1786 | D:3      | Noticed Jaguar's ghost (weakling FeFi)
  1803 | D:3      | Slain by Jaguar's ghost

Action                   |  1- 3 |  4- 6 || total
-------------------------+-------+-------++-------
Melee: Unarmed           |    84 |    20 ||   104
Throw: Stone             |     2 |       ||     2
 Stab: Sleeping          |     4 |       ||     4
